Map: Orbital Shipyard

Players

HuK

  • Race: Protoss Protoss

Neuro - Winner!

  • Race: Zerg Zerg

VOD

http://www.twitch.tv/neurostarcraft/v/3984988

Description

Time

  • Played on: April 3, 2015, 8:30 p.m.
  • Length: 13:53
Show
View Real Time Build Order
Export as new Build Order

HuK Protoss 

Build Orders: 1 Gate Expand, Carriers, Warp Prism Harass 

Get SALT Encoding   

  12  0:09  Pylon  
  12  0:13  Probe  
  13  0:25  Probe  
  14  0:33  Gateway  
  14  0:37  Probe  
  15  0:49  Probe  
  16  1:01  Probe  
  17  1:13  Nexus  
  17  1:17  Probe  
  18  1:22  Assimilator  
  18  1:27  Assimilator  
  18  1:29  Probe  
  19  1:36  Cybernetics Core  
  19  1:41  Probe  
  19  1:45  Pylon  
  20  1:53  Probe (Chrono Boost)  
  21  2:05  Probe (Chrono Boost)  
  22  2:12  Probe (Chrono Boost)  
  23  2:20  Robotics Facility  
  23  2:24  Probe (Chrono Boost)  
  23  2:29  Warp Gate  
  24  2:33  Probe (Chrono Boost)  
  24  2:35  Zealot  
  24  2:36  Probe (Chrono Boost)  
  28  2:41  Probe (Chrono Boost)  
  29  2:46  Probe (Chrono Boost)  
  31  2:52  Probe (Chrono Boost)  
  31  2:54  Probe (Chrono Boost)  
  31  2:58  Probe (Chrono Boost)  
  33  3:03  Probe  
  36  3:05  Sentry  
  36  3:09  Immortal (Chrono Boost)  
  36  3:10  Probe  
  41  3:14  Pylon  
  41  3:22  Gateway  
  41  3:23  Probe  
  43  3:27  Probe  
  43  3:31  Assimilator  
  43  3:36  Probe  
  43  3:38  Assimilator  
  44  3:43  Immortal (Chrono Boost)  
  44  3:47  Probe  
  44  3:48  Probe  
  50  3:51  Pylon  
  50  3:59  Probe  
  50  4:00  Probe  
  52  4:05  Pylon  
  52  4:10  Warp Prism (Chrono Boost)  
  52  4:11  Probe  
  52  4:14  Mothership Core  
  57  4:22  Gateway  
  57  4:26  Gateway  
  57  4:29  Probe  
  58  4:35  Probe  
  59  4:40  Observer (Chrono Boost)  
  59  4:43  Sentry x2  
  64  5:00  Nexus, Forge  
  64  5:01  Pylon  
  64  5:15  Zealot x2  
  68  5:49  Zealot x4  
  76  5:52  Photon Cannon x2  
  76  5:54  Pylon  
  68  6:14  Probe x2, Gateway  
  68  6:15  Gateway  
  68  6:17  Probe  
  71  6:19  Robotics Bay  
  71  6:21  Zealot  
  71  6:22  Zealot  
  71  6:24  Zealot  
  71  6:26  Probe x2  
  69  6:36  Stargate  
  69  6:37  Pylon  
  59  6:40  Stargate  
  59  6:41  Photon Cannon x2  
  59  6:42  Photon Cannon x2  
  59  6:44  Photon Cannon  
  59  6:47  Photon Cannon  
  59  6:49  Photon Cannon  
  59  6:50  Pylon  
  59  6:51  Stalker  
  61  6:56  Stalker x2  
  65  7:06  Stalker  
  67  7:12  Probe  
  67  7:13  Probe x2  
  70  7:25  Probe x3, Phoenix x2 (Chrono Boost)  
  77  7:31  Fleet Beacon  
  77  7:37  Probe  
  78  7:38  Twilight Council  
  78  7:39  Protoss Ground Weapons Level 1  
  78  7:42  Assimilator x2  
  78  7:43  Protoss Air Weapons Level 1 (Chrono Boost)  
  78  7:47  Phoenix (Chrono Boost)  
  78  7:51  Phoenix (Chrono Boost)  
  84  8:07  Phoenix (Chrono Boost)  
  84  8:08  Phoenix (Chrono Boost)  
  86  8:16  Anion Pulse-Crystals (Chrono Boost)  
  84  8:21  Templar Archives  
  87  8:27  Photon Cannon  
  87  8:29  Probe x2  
  89  8:38  Void Ray x2 (Chrono Boost)  
  93  8:44  Robotics Bay  
  93  8:46  Charge (Chrono Boost)  
  93  9:11  Carrier x2 (Chrono Boost)  
  107  9:33  Zealot x3  
  107  9:36  Pylon  
  107  9:38  Disruptor (Chrono Boost), Pylon  
  113  9:42  Pylon  
  113  9:47  Graviton Catapult  
  113  9:48  Protoss Ground Weapons Level 2  
  113  10:01  Zealot  
  113  10:02  Zealot x5  
  123  10:08  Carrier (Chrono Boost)  
  133  10:24  Carrier (Chrono Boost)  
  133  10:29  Pylon  
  133  10:33  Observer (Chrono Boost)  
  130  10:40  Pylon  
  130  10:43  Pylon  
  140  10:59  Protoss Air Weapons Level 2  
  140  11:01  Disruptor (Chrono Boost), Photon Cannon  
  140  11:03  Photon Cannon  
  140  11:18  Nexus  
  140  11:19  Pylon  
  140  11:26  Carrier (Chrono Boost)  
  140  11:30  Carrier (Chrono Boost)  
  144  11:34  Disruptor (Chrono Boost)  
  140  11:43  Disruptor  
  152  11:49  Disruptor  
  152  11:53  High Templar x2  
  156  11:59  Archon  
  156  12:00  Disruptor  
  156  12:03  Warp Prism (Chrono Boost)  
  158  12:09  Pylon  
  158  12:12  Assimilator  
  158  12:16  Assimilator  
  116  12:37  Zealot  
  116  12:38  Zealot x4  
  81  13:02  Disruptor  
  85  13:06  Disruptor (Chrono Boost)  
  85  13:09  Zealot  
Show
View Real Time Build Order
Export as new Build Order

Neuro Zerg - Winner!

Build Orders: 3 Hatch before Pool, Hydra Ultra Viper, Muta Ling Bane, Zergling Mutalisk 

Get SALT Encoding   

  12  0:01  Drone  
  13  0:10  Drone  
  14  0:18  Overlord  
  14  0:28  Extractor  
  14  0:29  Drone  
  15  0:38  Drone x2  
  17  0:53  Hatchery  
  17  0:56  Drone  
  17  0:59  Drone  
  18  1:07  Drone  
  19  1:18  Drone  
  20  1:26  Hatchery  
  20  1:29  Drone  
  20  1:42  Drone, Spawning Pool  
  20  1:52  Overlord  
  20  2:02  Drone  
  20  2:07  Drone  
  22  2:17  Drone x2  
  22  2:22  Drone  
  25  2:26  Drone  
  25  2:29  Queen x2  
  28  2:33  Drone  
  31  2:38  Extractor  
  31  2:39  Drone x2  
  31  2:40  Queen, Extractor  
  33  2:46  Drone  
  33  2:48  Overlord  
  33  2:50  Drone  
  35  2:56  Drone  
  36  2:59  Overlord  
  36  3:03  Drone  
  37  3:08  Drone  
  37  3:11  Drone x2  
  40  3:14  Queen  
  42  3:20  Drone, Queen  
  42  3:21  Drone  
  42  3:23  Drone  
  47  3:32  Drone x3  
  50  3:36  Lair  
  50  3:43  Overlord  
  50  3:45  Drone x4  
  50  3:46  Drone  
  55  3:51  Metabolic Boost  
  55  3:58  Drone  
  55  3:59  Overlord  
  56  4:03  Drone x6  
  56  4:08  Overlord  
  62  4:12  Drone x3  
  65  4:22  Extractor  
  65  4:23  Drone x10  
  65  4:24  Extractor  
  73  4:27  Extractor  
  73  4:29  Extractor  
  71  4:34  Drone x4  
  75  4:43  Spire  
  75  4:45  Drone x3  
  77  5:06  Zergling x8  
  77  5:07  Zergling x2  
  81  5:20  Overlord x3  
  77  5:37  Overlord x2  
  70  5:43  Zergling x6  
  70  5:44  Zergling x20  
  70  5:46  Queen  
  70  5:47  Queen x2  
  87  5:51  Baneling Nest  
  84  5:59  Mutalisk x4  
  90  6:06  Zergling x2  
  90  6:07  Zergling x2  
  85  6:15  Hatchery  
  85  6:16  Mutalisk x3  
  88  6:28  Mutalisk x3  
  88  6:30  Queen  
  96  6:33  Overlord  
  96  6:34  Overlord  
  95  6:45  Zerg Flyer Weapons Level 1  
  95  6:48  Hydralisk Den  
  95  6:49  Centrifical Hooks  
  95  6:50  Zergling x2  
  95  6:51  Zergling x6  
  98  6:56  Evolution Chamber, Hatchery  
  98  6:57  Evolution Chamber  
  95  7:04  Hatchery  
  95  7:06  Zergling x2  
  95  7:07  Zergling x14  
  91  7:24  Zerg Ground Armor Level 1, Zerg Melee Weapons Level 1  
  91  7:25  Muscular Augments  
  91  7:30  Infestation Pit  
  90  7:40  Hydralisk x14, Extractor  
  90  7:41  Extractor  
  116  7:45  Overseer  
  116  7:50  Burrow  
  116  8:07  Hive, Hydralisk x4  
  120  8:24  Drone x3  
  120  8:25  Drone x5  
  120  8:26  Drone x3  
  131  8:27  Drone x3  
  131  8:28  Drone x3  
  131  8:34  Overlord x2  
  127  8:44  Zerg Flyer Weapons Level 2  
  127  8:56  Pneumatized Carapace  
  127  9:02  Spore Crawler  
  124  9:10  Spore Crawler  
  119  9:21  Overlord x8  
  119  9:23  Zerg Ground Armor Level 2, Zerg Melee Weapons Level 2  
  119  9:26  Adrenal Glands  
  119  9:30  Ultralisk Cavern  
  118  9:33  Viper x2  
  118  9:37  Extractor  
  118  9:38  Drone x4  
  127  9:39  Drone, Extractor  
  127  9:41  Drone  
  127  9:42  Drone  
  129  9:47  Viper  
  131  10:13  Zergling x16  
  131  10:14  Zergling x10  
  144  10:16  Spore Crawler  
  144  10:17  Spine Crawler x2  
  144  10:19  Drone x7  
  144  10:20  Spine Crawler  
  147  10:26  Chitinous Plating  
  147  10:31  Drone x3  
  147  10:32  Drone x2  
  152  10:36  Overseer  
  152  10:56  Ultralisk x2  
  170  11:11  Ultralisk  
  170  11:13  Spore Crawler  
  169  11:37  Overlord x4  
  169  11:38  Overlord x3  
  169  11:40  Overseer  
  169  11:46  Spine Crawler  
  168  11:47  Spine Crawler x2  
  166  12:14  Zergling x20  
  166  12:15  Zergling x38  
  166  12:35  Zergling x26  
  153  12:47  Hydralisk x9  
  166  12:59  Ultralisk  
  146  13:24  Hydralisk x6  
  146  13:25  Hydralisk  
Tags
 
Add a new tag
Caveats
  • Supply blocks, unpowered buildings, or Contaminate may cause inaccurate times.
  • Supply counts are checked every 10 seconds.